AoeStats
← ITA | Raffy

Arabia

504055081Analyzed
4v4 RM · 29d ago on Sep 3, 2026· 59m 34s· 8 players
Game mode
Random Map
Map size
Large (8 player)
Population
200
Speed
Normal
Resources
Standard
Victory
Conquest
Starting age
Dark Age
Ending age
Imperial Age
RankedLock teamsTeams togetherTeam positionsShared explorationLock speedFull tech treeHidden civsTurbo modeCheats
Victory
Defeat
🇮🇹 Georgians · Italy
1415
+17
🇫🇷 Maya · France
1379
+19
🇫🇷 Italians · France
1332
+21
🇫🇷 Magyars · France
1332
+21
🇩🇪 Britons · Germany
1580
-26
🇩🇪 Ethiopians · Germany
1445
-20
🇩🇪 Magyars · Germany
1401
-18
🇩🇪 Franks · Germany
1331
-14
Titi
0:25 Loom
10:11 Feudal Age
10:47 Double-Bit Axe
13:37 Fletching
16:13 Horse Collar
17:14 Padded Archer Armor
19:07 Wheelbarrow
24:31 Castle Age
24:43 Gold Mining
24:53 Crossbowman
25:47 Bow Saw
25:56 Bodkin Arrow
28:19 Ballistics
29:13 Leather Archer Armor
30:01 Thumb Ring
30:27 Town Watch
38:00 Hand Cart
40:51 Heavy Plow
44:07 Imperial Age
43:10 Town Patrol
44:19 Arbalester
45:03 Bracer
46:14 Chemistry
46:35 Ring Archer Armor
55:46 Two-Man Saw
56:18 Conscription
56:38 Hoardings
58:08 Elite Skirmisher
59:13 Hul'che Javelineers
Jambonbeurre
6:41 Loom
9:24 Feudal Age
10:01 Double-Bit Axe
18:08 Wheelbarrow
21:56 Castle Age
19:56 Horse Collar
20:23 Gold Mining
22:00 Scale Barding Armor
22:57 Bloodlines
23:36 Bow Saw
28:57 Chain Barding Armor
31:28 Stone Mining
32:56 Husbandry
33:14 Hand Cart
42:56 Imperial Age
43:16 Cavalier
45:03 Plate Barding Armor
44:38 Heavy Plow
46:15 Conscription
46:50 Conscription
46:14 Paladin
51:55 Light Cavalry
54:06 Hussar
Alexiỗs
6:36 Loom
9:10 Feudal Age
9:44 Double-Bit Axe
14:12 Fletching
14:14 Horse Collar
15:14 Padded Archer Armor
22:21 Castle Age
20:56 Gold Mining
22:39 Crossbowman
23:48 Bodkin Arrow
27:42 Ballistics
27:55 Bow Saw
30:15 Stone Mining
30:44 Leather Archer Armor
31:48 Guard Tower
34:41 Thumb Ring
36:22 Stone Shaft Mining
40:09 Wheelbarrow
39:20 Town Watch
40:46 Treadmill Crane
41:19 Heavy Plow
46:40 Imperial Age
44:31 Elite Skirmisher
47:26 Bracer
47:56 Ring Archer Armor
47:54 Conscription
ITA | Raffy
5:26 Loom
5:55 Loom
8:20 Feudal Age
9:13 Double-Bit Axe
16:17 Wheelbarrow
16:22 Bloodlines
16:25 Forging
17:32 Scale Barding Armor
22:34 Castle Age
22:53 Gold Mining
24:04 Chain Barding Armor
23:39 Light Cavalry
24:19 Horse Collar
26:49 Husbandry
28:00 Bow Saw
28:42 Iron Casting
39:52 Heavy Plow
45:45 Imperial Age
46:18 Hand Cart
47:06 Plate Barding Armor
47:31 Blast Furnace
45:54 Cavalier
51:05 Conscription
53:11 Hussar
54:54 Aznauri Cavalry
Breznsoiza
7:30 Loom
10:35 Feudal Age
11:32 Double-Bit Axe
13:36 Horse Collar
18:48 Fletching
22:13 Padded Archer Armor
26:19 Wheelbarrow
29:40 Castle Age
29:42 Crossbowman
30:28 Bodkin Arrow
31:36 Bow Saw
38:16 Ballistics
39:49 Leather Archer Armor
44:47 Gold Mining
54:17 Imperial Age
55:13 Elite Skirmisher
56:58 Bracer
KIV.Theo
7:38 Loom
9:52 Feudal Age
10:34 Double-Bit Axe
15:14 Fletching
17:18 Padded Archer Armor
20:04 Wheelbarrow
25:02 Castle Age
23:53 Gold Mining
24:57 Horse Collar
25:03 Crossbowman
25:40 Bodkin Arrow
25:56 Bow Saw
26:36 Leather Archer Armor
27:52 Ballistics
29:12 Thumb Ring
31:17 Gold Shaft Mining
31:29 Hand Cart
38:43 Imperial Age
39:26 Bracer
38:47 Arbalester
40:29 Chemistry
42:37 Ring Archer Armor
LInk69
6:38 Loom
9:11 Feudal Age
9:48 Double-Bit Axe
17:05 Scale Barding Armor
17:59 Forging
20:15 Gold Mining
24:48 Castle Age
25:34 Husbandry
25:03 Light Cavalry
26:07 Chain Barding Armor
26:22 Iron Casting
28:20 Bow Saw
35:37 Wheelbarrow
36:47 Hand Cart
45:12 Imperial Age
45:18 Cavalier
46:37 Plate Barding Armor
47:03 Blast Furnace
47:14 Fletching
47:05 Paladin
47:50 Town Watch
49:30 Bodkin Arrow
51:52 Pikeman
52:33 Squires
52:18 Arson
54:09 Halberdier
Wolf Kennway
6:08 Loom
7:01 Loom
10:33 Feudal Age
11:22 Double-Bit Axe
14:13 Scale Barding Armor
13:54 Horse Collar
14:35 Bloodlines
26:37 Castle Age
26:45 Light Cavalry
29:57 Bow Saw
32:33 Fletching
40:22 Bodkin Arrow
40:46 Gold Mining
43:46 Padded Archer Armor
44:35 Wheelbarrow
46:25 Ballistics
47:22 Thumb Ring
47:22 Corvinian Army
48:02 Masonry
49:35 Gold Shaft Mining
53:34 Imperial Age
50:36 Elite Skirmisher
53:57 Chain Barding Armor
54:00 Hand Cart
55:28 Bracer
55:44 Leather Archer Armor
56:05 Plate Barding Armor
57:17 Pikeman
58:02 Guard Tower
59:13 Chemistry
59:07 Parthian Tactics
Connection lost

Rejoining the realm…

Still unreachable

The connection could not be restored.

Session expired

The server has moved on; the page needs a fresh start.